 Dungeon Crawl Stone Soup version 0.31.0-11-ge490571c62 (webtiles) character file.

Game seed: 12577578756814137341

61 qw the Shooter (level 3, -2/20 HPs)
             Began as a Deep Elf Hunter on Feb 5, 2024.
             Killed from afar by an orc wizard (3 damage)
             ... with a magic dart
             ... on level 2 of the Dungeon.
             The game lasted 00:00:23 (723 turns).

qw the Shooter (Deep Elf Hunter)                     Turns: 723, Time: 00:00:23

Health: -2/20      AC:  6    Str: 10    XL:     3   Next: 83%
Magic:  5/5        EV: 11    Int: 13    God:
Gold:   73         SH:  0    Dex: 18    Spells: 2/2 levels left

rFire   . . .        a - +1 shortbow
rCold   . . .        (shield currently unavailable)
rNeg    . . .        h - +1 ring mail
rPois   .            (no helmet)
rElec   .            (no cloak)
rCorr   .            (no gloves)
SInv    .            (no boots)
Will    .....        (no amulet)
Stlth   +            (no ring)
HPRegen 0.23/turn    (no ring)
MPRegen 0.09/turn

%: no passive effects
@: no status effects
A: no striking features
a: no special abilities


You were on level 2 of the Dungeon.
You visited 1 branch of the dungeon, and saw 2 of its levels.

You collected 73 gold pieces.


   Skills:
 - Level 1.5 Fighting
 + Level 7.3 Ranged Weapons
 - Level 2.4 Dodging
 - Level 1.2 Stealth


You had 2 spell levels left.
You didn't know any spells.
Your spell library was empty.

Inventory:

Hand Weapons
 a - a +1 shortbow (weapon)
Armour
 h - a +1 ring mail (worn)
Potions
 b - 2 potions of lignification {unknown}
 c - a potion of berserk rage {unknown}
 j - a potion of mutation {unknown}
 k - a potion of curing

Dungeon Overview and Level Annotations

Branches:
Dungeon (2/15)

Altars:


Message History

A goblin comes into view. It is wielding a +0 club.
The goblin hits you with a +0 club.
The goblin shoots a sling bullet.
The sling bullet hits you.
You shoot an arrow. The arrow hits the goblin.
You kill the goblin!
The bat hits you but does no damage. The hobgoblin barely misses you.
The goblin shoots a sling bullet.
The sling bullet closely misses you.
You shoot an arrow. The arrow closely misses the bat.
The bat hits you but does no damage. The hobgoblin hits you.
The hobgoblin misses you. The bat hits you but does no damage.
You shoot an arrow. The arrow barely misses the goblin.
The arrow closely misses the goblin.
You hear a shout!
The bat hits you but does no damage.
The goblin unwields a +0 sling.
The goblin wields a +0 club.
The goblin hits you but does no damage. The bat barely misses you.
The hobgoblin misses you.
An orc wizard comes into view. It is wielding a +0 dagger.
You shoot an arrow. The arrow hits the bat!
You kill the bat!
The goblin misses you. The hobgoblin closely misses you.
The goblin hits you but does no damage.
You shoot an arrow. The arrow hits the goblin!
You kill the goblin!
The hobgoblin hits you but does no damage.
The orc wizard points at you and mumbles some strange words.
The puff of flame misses you.
You shoot an arrow. The arrow hits the goblin!
You kill the goblin!
The hobgoblin barely misses you.
You shoot an arrow. The arrow barely misses the orc wizard.
The hobgoblin closely misses you.
The orc wizard hits you but does no damage.
You shoot an arrow.
The arrow hits the orc wizard but does no damage.
The hobgoblin closely misses you.
A goblin comes into view. It is wielding a +0 dagger.
The orc wizard hits you with a +0 dagger.
The orc wizard gestures at you while chanting.
The magic dart hits you.
You die...

......+...'...#
..#####...###.#
.......######.########
.).....##.....#......#
.......##.....#......#
...(...##.....#......#
<########.....#......+
......
+..>..#......###
.#####
#......g@)...... .#
###'####o#.##### )#
%..... .# ##g.....# ..
.#####.# .## . # . ..


You could see an orc wizard, a hobgoblin and a goblin.

Vanquished Creatures
  Robin (D:2)
  An adder (D:2)
  A dart slug (D:1)
  An orc (D:2)
  4 bats
  2 endoplasms (D:1)
  2 giant cockroaches (D:1)
  11 goblins
  5 hobgoblins
  A ball python (D:1)
  2 frilled lizards (D:1)
  3 kobolds
  A rat (D:1)
35 creatures vanquished.

Notes
Turn   | Place    | Note
-------+----------+-------------------------------------------
     0 | D:1      | qw the Deep Elf Hunter began the quest for the Orb.
     0 | D:1      | Reached XP level 1. HP: 12/12 MP: 3/3
     0 | D:1      | 0 ||| qw: Version: 0.3-a-160-g6735b56
     0 | D:1      | 0 ||| qw: Game counter: 6371
     0 | D:1      | 0 ||| qw: Melee chars always use a shield: true
     0 | D:1      | 0 ||| qw: God list: Okawaru
     0 | D:1      | 0 ||| qw: Allow faded altars: false
     0 | D:1      | 0 ||| qw: Do Orc after clearing Dungeon:15 true
     0 | D:1      | 0 ||| qw: Do second Lair branch before Depths: true
     0 | D:1      | 0 ||| qw: Lair rune preference: random
     0 | D:1      | 0 ||| qw: Goals: Normal
     0 | D:1      | 0 ||| PLANNING D:1-11
    57 | D:1      | Reached skill level 6 in Ranged Weapons
    57 | D:1      | Reached XP level 2. HP: 13/16 MP: 4/4
   408 | D:1      | 408 ||| UPGRADING to +0 ring mail.
   418 | D:1      | 418 ||| DROPPING +0 leather armour.
   419 | D:1      | 419 ||| READING scroll labelled VEGIGROUMO.
   420 | D:1      | 420 ||| READING scroll labelled TYSTOWAEMN.
   421 | D:1      | 421 ||| READING scroll labelled NALONT GOITZA.
   421 | D:1      | 421 ||| ENCHANTING +0 ring mail.
   422 | D:1      | 422 ||| READING scroll labelled AMPAWOD AVO.
   426 | D:1      | 426 ||| READING scroll labelled HEGEZO ZU NARGH.
   426 | D:1      | 426 ||| ENCHANTING +0 shortbow.
   427 | D:1      | 427 ||| READING scroll labelled UREXEU TIGAST.
   528 | D:1      | 528 ||| DRINKING 2 black potions.
   529 | D:1      | 529 ||| DROPPING scroll of butterflies.
   573 | D:2      | Reached XP level 3. HP: 20/20 MP: 5/5
   707 | D:2      | Noticed Robin
   709 | D:2      | Reached skill level 7 in Ranged Weapons
   715 | D:2      | Killed Robin
   715 | D:2      | HP: 5/20 [goblin/sling bullet[Robin] (4)]
   717 | D:2      | HP: 1/20 [hobgoblin[Robin] (4)]
   723 | D:2      | HP: 1/20 [orc wizard/+0 dagger (2)]
   723 | D:2      | Killed from afar by an orc wizard

Levels and vault maps discovered:
D:1:      orjb1_lava_funnel, layout_rooms
D:2:      layout_basic, uniq_robin

Skill      XL: |  1  2  3 |
---------------+----------+-----
Ranged Weapons | 6 7 |  7.3
Fighting       | |  1.5
Dodging        | |  2.4
Stealth        | |  1.2

Action                     || total
---------------------------++-------
   Fire: Shortbow          ||    84
    Use: Scroll            ||     6
         Potion            ||     1
 Armour: Leather armour    ||     7
         Ring mail         ||    24
  Dodge: Dodged            ||    23

Table legend:
 A = Non-vault XP
 B = Vault XP
 C = Vault XP percentage of total XP
 D = Non-vault monster count
 E = Vault monster count
 F = Vault count percentage of total count
                 A         B        C        D         E       F
            +---------+---------+-------+---------+---------+-------
      Total |      62 |      26 |  29.5 |      28 |       7 |  20.0
            +---------+---------+-------+---------+---------+-------
        D:1 |      32 |       0 |   0.0 |      18 |       0 |   0.0
        D:2 |      30 |      26 |  46.4 |      10 |       7 |  41.2
            +---------+---------+-------+---------+---------+-------
